 Dungeon Crawl Stone Soup version 0.28.0-53-g5a82cb258f (webtiles) character file.

Game seed: 1023834108960876925

506 Tirrikindir the Ruffian (level 6, -13/62 HPs)
             Began as a Troll Fighter on Aug 5, 2022.
             Was a Priest of Zin.
             Killed from afar by an orc (22 damage)
             ... with a bolt of acid
             ... on level 4 of the Dungeon.
             The game lasted 00:09:48 (2309 turns).

Tirrikindir the Ruffian (Troll Fighter)             Turns: 2309, Time: 00:09:48

Health: -13/62     AC:  1    Str: 26    XL:     6   Next: 97%
Magic:  4/6        EV:  9    Int:  5    God:    Zin [***...]
Gold:   189        SH:  8    Dex: 12    Spells: 5/5 levels left

rFire   . . .      SeeInvis .     - Unarmed
rCold   . . .      Faith    .   b - +0 kite shield
rNeg    . . .      Spirit   .   a - +0 robe
rPois   ∞          Reflect  .   (helmet restricted)
rElec   .          Harm     .   j - +0 cloak
rCorr   .          Rampage  .   (gloves unavailable)
Will    .....                   (boots unavailable)
Stlth   ++........              (no amulet)
HPRegen 1.00/turn               (no ring)
MPRegen 0.10/turn               (no ring)

@: vitalised, corroded
A: large, unfitting armour, claws 3, regeneration 1, shaggy fur 1, tough skin 1
a: Renounce Religion, Recite, Vitalisation, Imprison, Donate Gold


You were on level 4 of the Dungeon.
You worshipped Zin.
Zin was most pleased with you.
You visited 1 branch of the dungeon, and saw 4 of its levels.

You collected 210 gold pieces.
You donated 21 gold pieces to Zin.

Inventory:

Hand Weapons
 i - a +3 mace of venom
Missiles
 c - 14 poisoned darts (quivered)
Armour
 a - a +0 robe (worn)
 b - a +0 kite shield (worn)
 j - a +0 cloak (worn)
Scrolls
 d - a scroll of enchant weapon
 h - a scroll of teleportation
 n - a scroll of holy word {unknown}


   Skills:
 * Level 3.9 Fighting
 + Level 3.2 Dodging
 + Level 1.3 Stealth
 + Level 3.1 Shields
 * Level 4.0 Unarmed Combat
 + Level 2.0 Invocations


You had 5 spell levels left.
You didn't know any spells.
Your spell library was empty.

Dungeon Overview and Level Annotations

Branches:
Dungeon (3/15)

Altars:
Makhleb
Yredelemnul
Zin


Innate Abilities, Weirdness & Mutations

You are too large for most types of armour.
You have claws for hands.
Your natural rate of healing is unusually fast.
You are covered in fur. (AC +1)
You have tough skin. (AC +1)


Message History

You claw the orc!
You kill the orc!
The orc shouts!
The orc zaps a wand.
The bolt of acid hits you!
You see here a +0 hand axe.
Found 10 sling bullets and a shiny bronze wand.
The orc zaps a wand.
The bolt of acid hits you!!
The orc zaps a wand.
The bolt of acid hits you!
* * * LOW HITPOINT WARNING * * *
The acid corrodes you! The orc hits you with a +0 flail!
* * * LOW HITPOINT WARNING * * *
You block the orc's attack.
You closely miss the orc. The orc misses you.
You scratch the orc but do no damage. You block the orc's attack.
You closely miss the orc.
A hound skeleton comes into view.
The orc hits you with a +0 flail.
* * * LOW HITPOINT WARNING * * *
The hound skeleton moves out of view.
You feel better. The orc hits you with a +0 flail!
* * * LOW HITPOINT WARNING * * *
You feel better. You block the orc's attack. Zin grants you divine stamina.
The orc hits you with a +0 flail.
* * * LOW HITPOINT WARNING * * *
You scratch the orc.
The orc is lightly wounded.
You block the orc's attack.
You scratch the orc.
The orc is heavily wounded.
The orc hits you with a +0 flail.
* * * LOW HITPOINT WARNING * * *
You scratch the orc.
The orc is severely wounded.
You block the orc's attack.
You barely miss the orc.
The orc is severely wounded.
The orc zaps a wand.
The bolt of acid hits you!!
You die...

.##...)....#.#.#.....
....>.........#...
#.# ..##.....)..#.#.#
#.. .
#........#...#...
#.......)#.#.#.#
#..........#...
##########.#.#
#..o##.###.
#.#@.......
#.(##.###.## ##./ ...
##. ##.# # ####


You could see an orc.

Vanquished Creatures
  3 kobold brigands (D:3)
  A hound (D:4)
  Crazy Yiuf (D:2)
  2 adders (D:3)
  9 gnolls (D:3)
  5 dart slugs
  3 orcs
  9 ball pythons
  6 endoplasms
  5 giant cockroaches
  9 goblins
  9 hobgoblins
  3 jackals (D:2)
  A quokka (D:2)
  6 bats
  2 frilled lizards
  43 kobolds
  4 rats
121 creatures vanquished.

Vanquished Creatures (others)
  7 plants (D:3)
7 creatures vanquished.

Grand Total: 128 creatures vanquished

Notes
Turn   | Place    | Note
-------+----------+-------------------------------------------
     0 | D:1      | Tirrikindir the Troll Fighter began the quest for the Orb.
     0 | D:1      | Reached XP level 1. HP: 22/22 MP: 0/0
    62 | D:1      | Found a faded altar of an unknown god.
    76 | D:1      | Prayed at the altar of an unknown god.
    76 | D:1      | Became a worshipper of Zin the Law-Giver
    76 | D:1      | Reached * piety under Zin
   104 | D:1      | Reached XP level 2. HP: 29/29 MP: 1/1
   369 | D:1      | Reached ** piety under Zin
   753 | D:2      | Reached XP level 3. HP: 36/36 MP: 2/2
   784 | D:2      | Found a runed translucent door.
   785 | D:2      | Noticed Crazy Yiuf
   792 | D:2      | Killed Crazy Yiuf
   839 | D:2      | Reached XP level 4. HP: 44/45 MP: 3/3
   965 | D:2      | Found a basalt altar of Yredelemnul.
  1301 | D:3      | Found a burning altar of Makhleb.
  1325 | D:3      | Found a basalt altar of Yredelemnul.
  1451 | D:3      | Reached skill level 3 in Unarmed Combat
  1509 | D:3      | Reached skill level 1 in Invocations
  1509 | D:3      | Reached XP level 5. HP: 38/53 MP: 4/4
  1617 | D:3      | Reached skill level 1 in Stealth
  1721 | D:3      | Reached *** piety under Zin
  1841 | D:3      | Reached XP level 6. HP: 10/61 MP: 4/6
  2249 | D:3      | Reached **** piety under Zin
  2253 | D:3      | You fall into a shaft and drop 1 floor!
  2279 | D:4      | Reached skill level 4 in Unarmed Combat
  2302 | D:4      | HP: 2/62 [orc/+0 flail (6)]
  2309 | D:4      | Killed from afar by an orc

Illustrated notes

Levels and vault maps discovered:
D:1:      pf_arrival_petrified_forest, layout_loops_ring,
          dreamdust_ecumenical_altar_statues
D:2:      layout_rooms, basic_altar, amcnicky_mini_rare_corridor_liquid,
          uniq_crazy_yiuf_cottage
D:3:      minmay_goblin_kobold_castle, layout_basic,
          mainiacjoe_overflow_catwalk, mainiacjoe_overflow_chevrons,
          lemuel_doored_altar
D:4:      layout_rooms, nicolae_concentric_dashed_squares_wild,
          kennysheep_cross_bottleneck, uniq_grinder

Skill      XL: |  1  2  3  4  5  6 |
---------------+-------------------+-----
Fighting       | 3 |  3.9
Unarmed Combat | 3 4 |  4.0
Invocations    | 1 2 |  2.0
Stealth        | 1 |  1.3
Dodging        | 3 |  3.2
Shields        | 3 |  3.1

Action                   |  1- 3 |  4- 6 || total
-------------------------+-------+-------++-------
Melee: Unarmed           |    63 |   253 ||   316
Invok: Vitalisation      |       |     1 ||     1
  Use: Scroll            |       |     5 ||     5
       Potion            |       |     5 ||     5
 Stab: Sleeping          |     1 |     2 ||     3
       Invisible         |     1 |       ||     1
Armor: Robe              |    19 |    75 ||    94
Dodge: Dodged            |    19 |   125 ||   144
Block: Kite shield       |    17 |   115 ||   132
